 Dungeon Crawl Stone Soup version 0.25-a0-635-g0c6c292ef3 (webtiles) character file.

Game seed: 14339829307173898293, levelgen mode: deterministic

10934 kae the Severer (level 11, -7/102 (103) HPs)
             Began as a Hill Orc Fighter on Mar 20, 2020.
             Was a High Priest of Qazlal.
             Mangled by Jorgrun
             ... wielding an uncursed staff of earth
              (11 damage)
             ... while petrified by Jorgrun
             ... on level 12 of the Dungeon.
             The game lasted 00:10:49 (11269 turns).

kae the Severer (Hill Orc Fighter)                 Turns: 11269, Time: 00:10:49

HP:   -7/102 (103)  AC: 15    Str: 23    XL:     11   Next: 69%
MP:   6/18          EV: -1    Int:  8    God:    Qazlal [*****.]
Gold: 242           SH:  0    Dex: 10    Spells: 10/10 levels left

rFire    . . .     SeeInvis .   a - +1 war axe
rCold    . . .     Gourm    +   c - +0 kite shield
rNeg     + + +     Faith    .   b - +0 swamp dragon scales
rPois    ∞         Spirit   .   (no helmet)
rElec    .         Reflect  .   (no cloak)
rCorr    .         Harm     .   (no gloves)
MR       .....                  (no boots)
Stlth    ..........             F - amulet of the gourmand
HPRegen  0.27/turn              j - +4 ring of protection
MPRegen  0.16/turn              J - ring of positive energy

@: about to teleport, petrified, grasped by roots, protected from physical
damage, constricted, repel missiles
A: no striking features
a: Upheaval, Elemental Force, Disaster Area, Renounce Religion


You were on level 12 of the Dungeon.
You worshipped Qazlal.
Qazlal was extremely pleased with you.
You were not hungry.

You visited 1 branch of the dungeon, and saw 12 of its levels.

You collected 637 gold pieces.
You spent 395 gold pieces at shops.

Inventory:

Hand Weapons
 a - a +1 war axe (weapon)
Armour
 b - +0 swamp dragon scales (worn)
 c - a +0 kite shield (worn)
 D - a +0 plate armour
Jewellery
 d - an uncursed ring of flight
 j - a +4 ring of protection (left hand)
 k - an uncursed ring of protection from cold
 s - an uncursed ring of fire
 u - an uncursed ring of resist corrosion
 F - an amulet of the gourmand (around neck)
 H - an uncursed ring of ice
 J - a ring of positive energy (right hand)
Wands
 h - a wand of iceblast (11)
 i - a wand of enslavement (7)
 n - a wand of disintegration (8)
 q - a wand of acid (16)
 t - a wand of paralysis (11)
 y - a wand of flame (20)
 A - a wand of polymorph (11)
Scrolls
 l - 9 scrolls of identify
 p - 3 scrolls of magic mapping
 r - 2 scrolls of enchant weapon
 v - 3 scrolls of remove curse
 L - a scroll of enchant armour
Potions
 g - 11 potions of curing
 m - a potion of cancellation
 o - a potion of resistance
 w - 2 potions of haste
 x - a potion of lignification
 z - a potion of stabbing
 B - 2 potions of brilliance
 C - 2 potions of mutation
 E - a potion of degeneration
 G - a potion of heal wounds
 I - a potion of might
 K - a potion of ambrosia
Comestibles
 f - 12 rations


   Skills:
 + Level 11.6 Fighting
 * Level 16.3 Axes
 - Level 3.2 Armour
 - Level 3.2 Shields
 + Level 10.5 Invocations


You had 10 spell levels left.
You didn't know any spells.
Your spell library contained the following spells:

 Spells                   Type           Power        Failure   Level  Hunger
 Animate Skeleton         Necr           N/A          97%         1    ##.....
 Apportation              Tloc           #.....       97%         1    ##.....
 Corona                   Hex            #......      97%         1    ##.....
 Magic Dart               Conj           #...         97%         1    ##.....
 Pain                     Necr           #...         97%         1    ##.....
 Summon Small Mammal      Summ           #...         97%         1    ##.....
 Searing Ray              Conj           #.....       99%         2    ###....
 Dazzling Flash           Conj/Hex       #.....       100%        3    ####...
 Vampiric Draining        Necr           #.........   100%        3    ####...
 Animate Dead             Necr           N/A          100%        4    #####..
 Fulminant Prism          Conj/Hex       #.........   100%        4    #####..
 Iskenderun's Mystic Bla  Conj/Tloc      #.......     100%        4    #####..
 Agony                    Necr           #.......     100%        5    ######.


Dungeon Overview and Level Annotations

Branches:
Dungeon (12/15)            Temple (0/1) D:7            Lair (0/6) D:11
    Orc (0/2) D:9

Altars:
Cheibriados
Gozag
Hepliaklqana
Kikubaaqudgha
Nemelex Xobeh
Qazlal
Sif Muna
Xom

Shops:
D:5 ?   D:7 [   D:8 *   D:9 *   D:10 [?

Annotations:
D:4 2 runed translucent doors, Rotter5's ghost, amateur DrCj
D:12 Jorgrun


Message History

* * * LOW HITPOINT WARNING * * *
x2 The grasping roots constrict you!
The orc wizard looks satisfied for a moment.
The bullfrog hits you but does no damage.
The quasit bites you but does no damage.
The quasit claws you but does no damage. x2
The ogre hits you with a +0 giant club.
* * * LOW HITPOINT WARNING * * *
An orc warrior comes into view. It is wielding a +0 halberd.
You hear a shout!
The orc wizard completely misses you.
The bullfrog hits you but does no damage.
The troll bites you!
* * * LOW HITPOINT WARNING * * *
You feel more protected from physical attacks.
The troll claws you but does no damage. x2
The quasit bites you but does no damage.
The quasit claws you but does no damage. x2
Jorgrun hits you but does no damage. Jorgrun crushes you!!
You die...

##.#########
##.....#....(
##............
#.............
#.............
#.............
#...§§.)o:....
.#...§§TgZ.....
......O@Fo.o.oo
.##...5.o☼.o...
##..G..#.?...
#...######...
#... .. #... .
#[.> #..


You could see Jorgrun, an eye of draining, a troll, 2 orc warriors, an ogre, a
bullfrog, 2 orc wizards, a quasit, 3 orcs and a centaur warrior skeleton.

Vanquished Creatures
  Erica (D:8)
  2 two-headed ogres
  Pikel (D:7)
  A gargoyle (D:10)
  Maggie (D:8)
  A queen bee (D:8)
  Prince Ribbit (D:5)
  A hippogriff (D:8)
  A shadow (D:7)
  A vampire (D:10)
  A wraith (D:10)
  Eustachio (D:6)
  A hungry ghost (D:9)
  2 wyverns (D:10)
  Menkaure (D:7)
  A two-headed ogre zombie (D:9)
  Duvessa (D:6)
  5 orc warriors
  A slave (D:7)
  3 black bears
  5 sky beasts
  3 necrophages
  2 ice beasts
  6 ogres
  2 phantoms
  5 centaurs
  3 big kobolds
  2 bullfrogs
  Dowan (D:6)
  4 scorpions
  2 troll zombies (D:9)
  16 killer bees (D:8)
  3 wights (D:8)
  A howler monkey (D:10)
  3 bullfrog zombies
  3 crimson imps
  3 hounds
  A centaur zombie (D:5)
  13 orc wizards
  6 orc priests
  2 jellies (D:11)
  A bullfrog skeleton (D:6)
  2 centaur skeletons
  4 iguanas
  9 worker ants
  5 ogre zombies (D:9)
  A hound zombie (D:7)
  2 hound skeletons
  A mummy (D:9)
  A howler monkey zombie (D:9)
  8 gnolls
  10 adders
  2 shadow imps (D:10)
  An ooze (D:1)
  An adder skeleton (D:9)
  4 worms
  2 dart slugs
  10 leopard geckos
  44 orcs
  5 giant cockroaches
  2 goblins
  5 hobgoblins
  8 jackals
  3 quokkas
  A ball python (D:5)
  3 bats
  10 frilled lizards
  5 goblin skeletons (D:9)
  5 goblin zombies (D:9)
  A hobgoblin skeleton (D:9)
  2 hobgoblin zombies (D:9)
  A jackal skeleton (D:4)
  A jackal zombie (D:7)
  20 kobolds
  A leopard gecko zombie (D:3)
  2 orc skeletons (D:9)
  10 orc zombies (D:9)
  7 rats
314 creatures vanquished.

Vanquished Creatures (others)
  A slave (D:7)
  A human (D:5)
  A bullfrog (D:7)
  2 orcs (D:7)
5 creatures vanquished.

Grand Total: 319 creatures vanquished

Notes
Turn   | Place    | Note
-------+----------+-------------------------------------------
     0 | D:1      | kae the Hill Orc Fighter began the quest for the Orb.
     0 | D:1      | Reached XP level 1. HP: 19/19 MP: 1/1
    97 | D:1      | Reached skill level 3 in Axes
   298 | D:1      | Reached XP level 2. HP: 27/27 MP: 2/2
   921 | D:2      | Reached skill level 4 in Axes
   926 | D:2      | Reached XP level 3. HP: 31/33 MP: 3/3
  1084 | D:2      | Found a hazy altar of Hepliaklqana.
  1512 | D:3      | Noticed a centaur
  1520 | D:3      | Killed a centaur
  1520 | D:3      | Reached skill level 5 in Axes
  1520 | D:3      | Reached XP level 4. HP: 17/41 MP: 4/4
  1520 | D:3      | Reached XP level 5. HP: 20/47 MP: 5/5
  1824 | D:3      | Reached skill level 5 in Fighting
  1824 | D:3      | Reached skill level 6 in Axes
  1927 | D:3      | Found a stormy altar of Qazlal.
  2008 | D:3      | Reached XP level 6. HP: 27/56 MP: 6/6
  2013 | D:3      | Became a worshipper of Qazlal Stormbringer
  2449 | D:3      | Found a faded altar of an unknown god.
  2714 | D:4      | Reached skill level 7 in Axes
  2763 | D:4      | Reached skill level 8 in Axes
  2763 | D:4      | Reached XP level 7. HP: 19/63 MP: 7/7
  3213 | D:4      | Found a large runed translucent door.
  3213 | D:4      | Found a large runed translucent door.
  3222 | D:4      | Noticed Rotter5's ghost (amateur DrCj)
  3304 | D:4      | Reached * piety under Qazlal
  3734 | D:5      | Entered Level 5 of the Dungeon
  3743 | D:5      | Reached skill level 9 in Axes
  3905 | D:5      | Reached skill level 1 in Invocations
  4127 | D:5      | Reached XP level 8. HP: 62/71 MP: 9/9
  4172 | D:5      | Noticed Prince Ribbit
  4212 | D:5      | Killed Prince Ribbit
  4212 | D:5      | Reached skill level 10 in Axes
  4537 | D:5      | Found an ancient bone altar of Kikubaaqudgha.
  4639 | D:5      | Found Tialaohu's Magic Scroll Shop.
  4642 | D:5      | Bought a scroll of identify for 28 gold pieces
  4642 | D:5      | Bought a scroll of identify for 28 gold pieces
  4642 | D:5      | Bought a scroll of identify for 28 gold pieces
  4642 | D:5      | Bought a scroll of identify for 28 gold pieces
  4642 | D:5      | Bought 3 scrolls of identify for 84 gold pieces
  4918 | D:6      | Noticed Duvessa
  4924 | D:6      | Noticed Dowan
  4936 | D:6      | Killed Dowan
  4937 | D:6      | Killed Duvessa
  4941 | D:6      | Noticed Eustachio
  4959 | D:6      | Killed Eustachio
  4959 | D:6      | Reached skill level 11 in Axes
  5047 | D:6      | Reached XP level 9. HP: 78/81 MP: 12/12
  5130 | D:6      | Reached ** piety under Qazlal
  5145 | D:6      | Reached skill level 5 in Invocations
  5757 | D:6      | Reached skill level 12 in Axes
  6121 | D:7      | Found a staircase to the Ecumenical Temple.
  6153 | D:7      | Noticed Menkaure
  6165 | D:7      | Noticed Pikel
  6166 | D:7      | Killed Menkaure
  6169 | D:7      | Killed Pikel
  6169 | D:7      | Reached skill level 13 in Axes
  6177 | D:7      | Reached XP level 10. HP: 45/91 MP: 6/15
  6737 | D:7      | Found Najefe's Antique Armour Emporium.
  7098 | D:8      | Noticed Erica
  7114 | D:8      | Killed Erica
  7117 | D:8      | Reached skill level 10 in Fighting
  7122 | D:8      | Reached skill level 14 in Axes
  7391 | D:8      | Noticed Maggie
  7426 | D:8      | Killed Maggie
  7921 | D:8      | Found a shimmering blue altar of Sif Muna.
  7961 | D:8      | Reached *** piety under Qazlal
  7971 | D:8      | Found an opulent altar of Gozag.
  7973 | D:8      | Found Gozag's Platinum Reserve.
  8238 | D:8      | Found a shimmering altar of Xom.
  8238 | D:8      | Found a sparkling altar of Nemelex Xobeh.
  8330 | D:9      | Reached XP level 11. HP: 88/100 MP: 17/17
  8333 | D:9      | Reached skill level 15 in Axes
  8385 | D:9      | Found a snail-covered altar of Cheibriados.
  8492 | D:9      | Reached **** piety under Qazlal
  8648 | D:9      | Found a staircase to the Orcish Mines.
  8867 | D:9      | Noticed a two-headed ogre
  8875 | D:9      | Killed a two-headed ogre
  9066 | D:9      | Found Obonnuuno's Assorted Antiques.
  9074 | D:9      | Bought a scroll labeled MEICVUXUASE for 23 gold pieces
  9074 | D:9      | Bought a potion of might for 92 gold pieces
  9201 | D:10     | Entered Level 10 of the Dungeon
  9229 | D:10     | Reached skill level 10 in Invocations
  9292 | D:10     | Noticed a two-headed ogre
  9736 | D:10     | Killed a two-headed ogre
  9741 | D:10     | Reached skill level 16 in Axes
  9970 | D:10     | Found Zimeoget's Armour Boutique.
 10000 | D:10     | Reached ***** piety under Qazlal
 10016 | D:10     | Found Qomuink's Magic Scroll Shop.
 10024 | D:10     | Bought 2 scrolls of identify for 56 gold pieces
 10024 | D:10     | Bought a scroll of identify for 28 gold pieces
 10865 | D:11     | Found a staircase to the Lair.
 11253 | D:12     | Noticed Jorgrun
 11269 | D:12     | HP: 4/102 [troll (3)]
 11269 | D:12     | Mangled by Jorgrun

Levels and vault maps discovered:
D:1:      evilmike_arrival_hilbert_curve, layout_loops_ring,
          minmay_misc_feat_roman, dk_noncrumbling_3, minivault_4, st_stairs_14,
          palyth_stone_intersect
D:2:      layout_basic, lemuel_crystal_altar, first_ration
D:3:      layout_basic, grunt_qazlal_clouds, chequers_ecumenical_altar_grove,
          saegor_snake_ambush
D:4:      layout_loops_ring, ebering_ghost_disaster_area
D:5:      layout_rooms, serial_shops, kennysheep_mini_moat, minmay_statues_item,
          tgw_kikubaaqudgha, uniq_prince_ribbit1
D:6:      layout_rooms, uniq_eustachio, uniq_duvessa
D:7:      layout_cave_pools, minmay_temple_entry_glassed_door, serial_shops,
          shop, uniq_pikel, uniq_menkaure
D:8:      layout_cave_pools, marbit_many_paths, gammafunk_temple_overflow_wave,
          nicolae_gozag_zags_fifth_avenue, serial_park, serial_park_gazebo
          [serial_park_minivault_5x5_7], serial_park_square2,
          serial_park_square3 [serial_park_minivault_5x5_5],
          serial_park_tiny_pond, serial_park_tiny_2, david_nohive_1, uniq_erica,
          uniq_maggie
D:9:      layout_rooms, slow_altar_1, zombieorc2_lemuel, serial_shops,
          shop_fountains
D:10:     layout_loops_ring, serial_shops, shop, shop, wad_floor_pattern_2
D:11:     layout_loops_corners, lair_entry_dummy
D:12:     layout_rooms, portal_ice_cave_entry_pillars_1, uniq_jorgrun

Skill      XL: |  1  2  3  4  5  6  7  8  9 10 11 |
---------------+----------------------------------+-----
Axes           | 3 4 5 6 8 9 11 13 14 16 | 16.3
Fighting       | 4 5 6 8 9 10 11 | 11.6
Invocations    | 2 4 7 9 10 | 10.5
Armour         | |  3.2
Shields        | |  3.2

Action                   |  1- 3 |  4- 6 |  7- 9 | 10-12 || total
-------------------------+-------+-------+-------+-------++-------
Melee: War axe           |   112 |   107 |   342 |   496 ||  1057
Invok: Upheaval          |       |       |     2 |     1 ||     3
  Use: Potion            |       |     1 |     3 |       ||     4
       Scroll            |       |     5 |     9 |     7 ||    21
  Eat: Chunk             |     1 |     2 |    11 |    14 ||    28
       Ration            |       |     1 |       |     2 ||     3
Armor: Scale mail        |    45 |    45 |   101 |     9 ||   200
       Skin              |       |       |    10 |       ||    10
       Plate armour      |       |       |       |    44 ||    44
       Swamp dragon scal |       |       |       |   141 ||   141
Dodge: Dodged            |    47 |    34 |    61 |   109 ||   251
Block: Kite shield       |    58 |    43 |   165 |   300 ||   566

Table legend:
 A = Non-vault XP
 B = Vault XP
 C = Vault XP percentage of total XP
 D = Non-vault monster count
 E = Vault monster count
 F = Vault count percentage of total count
                 A         B        C        D         E       F
            +---------+---------+-------+---------+---------+-------
      Total |    9933 |    5687 |  36.4 |     242 |      72 |  22.9
            +---------+---------+-------+---------+---------+-------
        D:1 |      26 |       4 |  13.3 |      12 |       2 |  14.3
        D:2 |      21 |       0 |   0.0 |      13 |       0 |   0.0
        D:3 |     271 |      27 |   9.1 |      27 |       2 |   6.9
        D:4 |     554 |       0 |   0.0 |      24 |       0 |   0.0
        D:5 |     471 |     274 |  36.8 |      20 |       1 |   4.8
        D:6 |    1129 |     400 |  26.2 |      41 |       3 |   6.8
        D:7 |    1010 |     801 |  44.2 |      23 |       2 |   8.0
        D:8 |     681 |    3369 |  83.2 |      12 |      25 |  67.6
        D:9 |    2359 |     812 |  25.6 |      29 |      37 |  56.1
       D:10 |    2960 |       0 |   0.0 |      27 |       0 |   0.0
       D:11 |     408 |       0 |   0.0 |      12 |       0 |   0.0
       D:12 |      43 |       0 |   0.0 |       2 |       0 |   0.0
            +---------+---------+-------+---------+---------+-------
